 Dungeon Sprint DCSS version 0.29-a0-322-g68df515428 (webtiles) character file.

Game seed: 3137289594517587947

186 rocky1 the Ducker (level 5, -12/43 HPs)
             Began as a Djinni Gladiator on Apr 8, 2022.
             Was a Follower of Okawaru.
             Mangled by an orc warrior
             ... wielding a +0 scimitar of distortion
              (22 damage)
             ... in the Dungeon (Sprint VII: "The Pits").
             The game lasted 00:02:01 (1186 turns).

rocky1 the Ducker (Djinni Gladiator)                Turns: 1186, Time: 00:02:03

Health: -12/43     AC: 10    Str: 13    XL:     5   Next: 97%
Gold:   0          EV: 13    Int: 12    God:    Okawaru [*.....] SH:  0 Dex: 14

rFire   + + .      SeeInvis .   l - +1 long sword (flame)
rCold   x . .      Faith    .   (no shield)
rNeg    . . .      Spirit   .   a - +3 ring mail
rPois   ∞          Reflect  .   c - +0 helmet
rElec   .          Harm     .   (no cloak)
rCorr   .          Rampage  .   (no gloves)
Will    .....      NoTele   +   (boots unavailable)
Stlth   +.........              (no amulet)
HPRegen 0.14/turn               (no ring)
MPRegen 0.00/turn               (no ring)

@: on berserk cooldown, flying, slowed, very slow
A: sickness immunity, fire resistance 2, cold vulnerability 1, float, innate
caster, HP casting, extra vitality 1
a: Renounce Religion, Heroism


You were in the Dungeon.
You worshipped Okawaru.
Okawaru was aware of your devotion.
You visited 1 branch

Inventory:

Hand Weapons
 l - a +1 long sword of flaming (weapon)
Missiles
 d - 2 throwing nets (quivered)
 e - a javelin
Armour
 a - a +3 ring mail (worn)
 c - a +0 helmet (worn)
Scrolls
 j - a scroll of blinking
Potions
 f - 6 potions of curing
 g - 5 potions of heal wounds
 h - a potion of haste
 i - 2 potions of berserk rage
 k - 2 potions of invisibility


   Skills:
 + Level 5.0 Fighting
 + Level 5.1 Long Blades
 - Level 1.5 Throwing
 + Level 4.4 Armour
 + Level 6.1 Dodging
 + Level 3.3 Spellcasting
 + Level 2.9 Invocations


You had 7 spell levels left.
You knew the following spells:

 Your Spells              Type           Power      Damage    Failure   Level
a - Foxfire               Conj/Fire      40%        2x1d6     12%         1
b - Static Discharge      Conj/Air       10%        N/A       19%         2
Your spell library was empty.

Dungeon Overview and Level Annotations

Branches:
Dungeon (1/1)

Altars:
Ashenzari
Cheibriados
Dithmenos
Elyvilon
Fedhas
Gozag
Hepliaklqana
Kikubaaqudgha
Makhleb
Nemelex Xobeh
Okawaru
Qazlal
Ru
Sif Muna
Trog
Uskayaw
Vehumet
Wu Jian
Xom
Yredelemnul
Zin
The Shining One
Beogh
Jiyva
Lugonu


Innate Abilities, Weirdness & Mutations

You are immune to sickness and miasma.
You are immune to poison.
Your flesh is very heat resistant. (rF++)
You are vulnerable to cold. (rC-)
You float through the air rather than walking.
You learn spells naturally, not from books.
Your magical power is your life essence.
You have superior vitality. (+4 MHP)


Message History

You kill the river rat!
Okawaru accepts your kill.
You slash the phantom! You burn the phantom.
The phantom is severely damaged.
The phantom hits you but does no damage.
You slash the phantom! You burn the phantom.
You destroy the phantom!
Okawaru is honoured by your kill.
The orc warrior throws a boomerang of dispersal.
The boomerang of dispersal hits you.
You feel a strange sense of stasis.
Your Fighting skill increases to level 5!
Your Long Blades skill increases to level 5!
Your Armour skill increases to level 4!
Your Dodging skill increases to level 6!
Your Spellcasting skill increases to level 3!
Your Invocations skill increases to level 2!
The orc warrior closely misses you.
You hit the orc warrior. You burn the orc warrior.
The orc warrior is moderately wounded.
You hit the orc warrior. You burn the orc warrior.
The orc warrior is heavily wounded.
You are no longer berserk.
You are exhausted.
You feel yourself slow down. The orc warrior misses you.
You hit the orc warrior but do no damage.
The orc warrior is heavily wounded.
The orc warrior hits you with a +0 scimitar of distortion!
The orc warrior barely misses you.
You closely miss the orc warrior.
The orc warrior is heavily wounded.
The orc warrior barely misses you.
The orc warrior hits you with a +0 scimitar of distortion!
Space warps around you.
You closely miss the orc warrior.
The orc warrior is heavily wounded.
The orc warrior hits you with a +0 scimitar of distortion!
* * * LOW HITPOINT WARNING * * *
Space warps horribly around you!!
Ouch! That really hurt!
You die...

#'#####'#####.....
#.#..#..#[[##.....
#.#..)..#))#####'#
#.#..####))##.....
#.#..#..#))##.....
#.#..#..#..##.....
#.##÷#..#'###...<.
#)#........##.....
#@#........##.....
#o###########.....
#5{ ###### #..#
#... ##.## .. .#


You could see an orc warrior and a crimson imp.

Vanquished Creatures
  A phantom (D)
  A scorpion (D)
  An orc wizard (D)
  2 river rats (D)
  An orc (D)
  A bat (D)
  A bat zombie (D)
  2 endoplasms (D)
  A goblin (D)
  A kobold (D)
  A quokka (D)
  A giant cockroach zombie (D)
14 creatures vanquished.

Notes
Turn   | Place    | Note
-------+----------+-------------------------------------------
     0 | D        | rocky1 the Djinni Gladiator began the quest for the Orb.
     0 | D        | Reached XP level 1. HP: 18/18 MP: 0/0
   334 | D        | Found a bloodstained altar of Trog.
   334 | D        | Found a viscous altar of Jiyva.
   334 | D        | Found a hazy altar of Hepliaklqana.
   334 | D        | Found an opulent altar of Gozag.
   335 | D        | Found a glowing golden altar of the Shining One.
   335 | D        | Found a glowing silver altar of Zin.
   335 | D        | Found a basalt altar of Yredelemnul.
   335 | D        | Found a shimmering altar of Xom.
   335 | D        | Found an ornate altar of the Wu Jian Council.
   335 | D        | Found a sacrificial altar of Ru.
   335 | D        | Found a stormy altar of Qazlal.
   335 | D        | Found an iron altar of Okawaru.
   335 | D        | Found a sparkling altar of Nemelex Xobeh.
   335 | D        | Found a burning altar of Makhleb.
   335 | D        | Found a blossoming altar of Fedhas.
   335 | D        | Found a white marble altar of Elyvilon.
   335 | D        | Found a shadowy altar of Dithmenos.
   335 | D        | Found a snail-covered altar of Cheibriados.
   337 | D        | Found a corrupted altar of Lugonu.
   338 | D        | Found a hide-covered altar of Uskayaw.
   338 | D        | Found a broken altar of Ashenzari.
   345 | D        | Became a worshipper of Warmaster Okawaru
   385 | D        | Reached skill level 1 in Armour
   389 | D        | Noticed a scorpion
   404 | D        | Killed a scorpion
   404 | D        | Reached * piety under Okawaru
   405 | D        | Reached skill level 4 in Dodging
   405 | D        | Reached XP level 2. HP: 14/26 MP: 0/0
   405 | D        | Reached XP level 3. HP: 17/31 MP: 0/0
   405 | D        | Learned a level 1 spell: Foxfire
   405 | D        | Reached XP level 4. HP: 20/37 MP: 0/0
   411 | D        | Reached skill level 5 in Dodging
  1157 | D        | Noticed an orc warrior
  1157 | D        | Noticed a phantom
  1176 | D        | Reached skill level 1 in Invocations
  1176 | D        | Reached XP level 5. HP: 41/41 MP: 0/0
  1176 | D        | Learned a level 2 spell: Static Discharge
  1180 | D        | Killed a phantom
  1181 | D        | Reached skill level 5 in Fighting
  1181 | D        | Reached skill level 5 in Long Blades
  1181 | D        | Reached skill level 6 in Dodging
  1186 | D        | Mangled by an orc warrior

Illustrated notes

Levels and vault maps discovered:
D:        pitsprint [storerooms_1, entrance_room_1, metal_vault_1, armoury_1,
          mini_pit_1, grid_room_1, main_hall_1, silver_pit, the_coven_3,
          the_vestibule_1, steel_vault_3, golden_pit, hallway_of_sentries,
          crystal_vault_3, iron_vault_4, final_vault]

Skill      XL: |  1  2  3  4  5 |
---------------+----------------+-----
Long Blades    | 4 5 |  5.1
Armour         | 3 4 |  4.4
Fighting       | 3 4 5 |  5.0
Dodging        | 4 5 6 |  6.1
Spellcasting   | 2 3 |  3.3
Invocations    | 1 2 |  2.9
Throwing       | |  1.5

Action                   |  1- 3 |  4- 6 || total
-------------------------+-------+-------++-------
Melee: Long sword        |    24 |    34 ||    58
       Punch             |     1 |       ||     1
Throw: Throwing net      |     1 |       ||     1
  Use: Potion            |     1 |     1 ||     2
Armor: Leather armour    |    10 |     5 ||    15
       Ring mail         |       |     6 ||     6
Dodge: Dodged            |    24 |    20 ||    44

Table legend: (Time is in decaauts)
 A = Elapsed time spent in this place.
 B = Non-inter-level travel time spent in this place.
 C = Inter-level travel time spent in this place.
 D = Time resting spent in this place.
 E = Time spent auto-exploring this place.
 F = Levels seen in this place.
 G = Mean time per level.
                   A        B        C        D        E       F      G
               +--------+--------+--------+--------+--------+-----+--------+
         Total |   1195 |   1172 |     23 |    946 |      0 |   1 | 1195.0 |
       Dungeon |   1195 |   1172 |     23 |    946 |      0 |   1 | 1195.0 |
               +--------+--------+--------+--------+--------+-----+--------+

Top non-repeatable levels by time:
       D: 1195 daAuts
